amateurhour, chaotic male human Monk --- --- ---- --- ----.--- -----.-- -----..|--- --- ---.-- |......| |.......--- --.|....--.-------.---- |....| --- -.....| --........| -.............--......| ---....| --.---....-- --...(...| ---- |.|......---...........| |....--- |...|....--- |.....--- |..| ----....-- --..........-- ---.--.| |..........| ---- ---^...-- |..| |......| ----........| |...||.| ----....--.----..| |......| ---.-- ---.---..-- ---.|.|.-----.---|.| |..---|...|...-- ---......-- |...-- |...|.|...| ------- |...| |.| ---- --.......| |...|.....| |.|..|--.|.|.....| ---.--- |.| --......|--.--|..|.-- |.|.--|..|.|-...-- |...| |.| |......|...| ------ |.|...|..|.|----- ---.--- |.| ---- ---....|.--- |%|--.|....| |...| |.| --..--- ----(.(.).-- |.| |......-- ---.--- |.-- |....V---- |........-.-- |.-------...--- |...| |..| --....@|.---........%...| --..---- |.....--- ---.--- |..-- --.....................-- --....^.----......| |...| |*-.-- |......................| |........|--......----------.--- |....| ---.....|.............----------.....--|..^...............| --..-- ---..---.--..(.<....%...........|..| --..---------------- ---- ---- ----------------------------- ---- amateurhour the Initiate Experience level: 6 Strength: 20 Dexterity: 12 Constitution: 13 Intelligence: 10 Wisdom: 12 Charisma: 8 Health: 0(66) Energy: 40(40) Def: 9 Gold: 0 Moves: 3279 Dungeon seed: 4pPLJT2Kt-TazCDx Game ID: amateurhour_1627315331 Your Inventory: Armor e - an uncursed +2 pair of leather gloves (being worn) n - an uncursed +1 robe (being worn) y - an uncursed +0 pair of iron shoes of cold immunity and clairvoyance U - an uncursed +0 helm of brilliance (being worn) X - an uncursed +0 pair of iron shoes (being worn) Scrolls J - a blessed scroll of remove curse Wands G - an uncursed wand of striking (0:0) Q - a cursed wand of striking (0:3) T - an uncursed wand of sleep (0:4) Tools c - an uncursed magic lamp (lit) j - an uncursed oil lamp (0:1383) m - an uncursed bag of tricks (0:12) o - an uncursed blindfold s - an uncursed tooled horn A - an uncursed +0 pick-axe O - an uncursed sack Contents of the sack: 662 gold pieces an uncursed +1 cloak of magic resistance 7 uncursed apples 3 uncursed fortune cookies an uncursed lichen corpse 6 uncursed oranges an uncursed wand of wishing (0:2) an uncursed scroll of blank paper a blessed scroll of destroy armor an uncursed scroll of destroy armor a cursed scroll of fire a cursed scroll of gold detection an uncursed scroll of identify an uncursed scroll of light 2 uncursed scrolls of magic mapping a cursed scroll of recall an uncursed scroll of remove curse an uncursed scroll of scare monster a cursed scroll of summoning a blessed scroll of taming an uncursed scroll of teleportation an uncursed spellbook of charm monster an uncursed spellbook of invisibility 2 uncursed potions of extra healing an uncursed potion of gain level a blessed potion of healing 4 uncursed potions of healing an uncursed potion of oil a blessed potion of paralysis an uncursed potion of water 4 blessed tallow candles (0:200) 17 uncursed tallow candles (0:200) 3 uncursed wax candles (0:400) 2 uncursed amethyst stones an uncursed aquamarine stone 2 uncursed diamonds an uncursed emerald an uncursed ruby 2 uncursed sapphires 2 uncursed touchstones 5 uncursed worthless pieces of black glass an uncursed worthless piece of blue glass an uncursed worthless piece of orange glass 4 uncursed worthless pieces of red glass 2 uncursed worthless pieces of white glass an uncursed worthless piece of yellowish brown glass Spells and supernatural/magical abilities: Name Level Category Cost Memory d - dig 2 matter 25pw 100% e - charm monster 3 enchantment 37pw 95% z - sleep 1 enchantment 12pw 95% W - pray for help -- divine ? -- Your skills at the end: Fighting Skills martial arts [Expert] wands [Basic] Weapon Skills Spellcasting Skills healing spells [Basic] Final Attributes: You were piously aligned. You were immune to sleep. You were poison resistant. You saw invisible. You were stealthy. You were fast. You were lucky. Huan Ti was noncommittal. You are dead. Vanquished creatures: a vampire lord a ghost a wizard an ettin mummy a large dog a shocking sphere a large cat 2 tengu a human mummy a vampire bat an orc mummy 2 dwarf lords a gnome mummy a snake a human zombie 2 Uruk-hai a rock piercer a fog cloud a shrieker 12 gnome lords 4 gnomish wizards 3 kobold mummies an elf zombie 2 floating eyes a kitten 12 dwarves a rothe a centipede an orc zombie 2 acid blobs a coyote 2 gas spores 2 hobbits 3 giant rats 43 gnomes 3 garter snakes a gecko 2 jackals a kobold a sewer rat 2 grid bugs 5 lichens 3 kobold zombies 3 newts 134 creatures vanquished. Voluntary challenges: You followed a strict vegan diet. You never hit with a wielded weapon. You read items or engraved 13 times, starting on turn 249. You never genocided any monsters. You never polymorphed an object. You never changed form. You used no wishes. You never split a pudding. You never wrote Elbereth's name. You never violated your personal moral code. Dungeon overview: The Dungeons of Doom: levels 1 to 4 Level 1 a fountain a long staircase Level 2 a fountain Level 3 a potion shop, an altar to Shan Lai Ching stairs to The Gnomish Mines Level 4 The Gnomish Mines: levels 4 to 11 Level 4 stairs to The Dungeons of Doom Level 5 Level 6 Level 7 many shops, a temple to Shan Lai Ching, some fountains, some trees Level 8 Level 9 Level 10 <- You were here Level 11 some fountains History has recorded: On T:1 you entered the Dungeons of Doom to retrieve the Amulet of Yendor! On T:224 you reached level 2 of The Dungeons of Doom. On T:417 you reached level 3 of The Dungeons of Doom. On T:576 you advanced to experience level 2. On T:728 you reached level 4 of The Dungeons of Doom. On T:755 you reached level 1 of The Gnomish Mines. On T:827 you advanced to experience level 3. On T:901 you advanced to experience level 4. On T:1024 you reached level 2 of The Gnomish Mines. On T:1101 you advanced to experience level 5. On T:1163 you advanced to experience level 6. On T:1231 you reached level 3 of The Gnomish Mines. On T:1613 you reached level 4 of The Gnomish Mines. On T:1741 you advanced to experience level 7. On T:2043 you reached level 5 of The Gnomish Mines. On T:2367 you reached level 6 of The Gnomish Mines. On T:2659 you reached level 7 of The Gnomish Mines. On T:2940 you advanced to experience level 8. On T:3051 you reached level 8 of The Gnomish Mines. Score breakdown: Gold: 662 ( 9597 points) Experience: 6 levels (12456 points) Exploration: 11 levels ( 22.45%) (13693 points) Discoveries: 14 items ( 4.93%) ( 6660 points) Valuables value: (no points given unless you survive) Artifact value: 0 ( 0 points) Variety of kills: 44 monsters ( 11.58%) (10208 points) Turncount: 3279 turns ( -731 points) Survival: died (score multiplied by 80%) Total score: 41506 Latest messages: You start playing the tooled horn. You produce a frightful, grave sound. The barrow wight throws a knife! You are almost hit by a knife. The vampire lord hits! The vampire lord bites! You see here a female ettin corpse. The vampire lord hits! The vampire lord bites! Goodbye level 8. You start playing the tooled horn. You produce a frightful, grave sound. The vampire lord hits! The vampire lord bites! Goodbye level 7. You feel insensitive! You must have lost warning. You die... Your body rises from the dead as a vampire... Final status: Goodbye amateurhour the Monk, killed by a vampire lord... You died in The Gnomish Mines on dungeon level 10 with 41506 points, and 662 pieces of gold, after 3279 moves. You were level 6 with a maximum of 66 hit points when you died.